Map: Eastwatch LE

Players

Jon - Winner!

  • Race: Protoss Protoss
  • Spawn Location: 1:00

Juxtapose

  • Race: Protoss Protoss
  • League: Platinum
  • Spawn Location: 7:00

VOD

https://youtu.be/Oi-0IdfEiVQ

Description

This match was quite frustrating for me. While I should have retreated in that first battle, I was able to build up again and I thought I had a solid enough composition to deal with my opponent.

Outside of going mass Void Rays myself, which I thought I wouldn't have time for, I'm not sure what else I could have done. Archons maybe for splash damage?

This is the first time I Warped in a Mothership though, which was short-lived fun.

Time

  • Played on: Feb. 13, 2018, 8:07 p.m.
  • Length: 16:16
Show
View Real Time Build Order
Export as new Build Order

Jon Protoss - Winner!

Build Orders:  

Get SALT Encoding   

  12  0:01  Probe  
  13  0:14  Probe  
  14  0:21  Pylon  
  14  0:26  Probe  
  15  0:39  Probe  
  16  0:43  Forge  
  16  0:51  Probe  
  17  0:58  Gateway  
  17  1:07  Pylon  
  17  1:12  Probe  
  17  1:17  Photon Cannon  
  18  1:28  Photon Cannon  
  18  1:34  Probe  
  19  1:47  Assimilator  
  19  1:50  Cybernetics Core, Probe  
  20  2:15  Nexus  
  20  2:29  Probe (Chrono Boost), Assimilator  
  21  2:38  Stalker  
  21  2:40  Probe (Chrono Boost)  
  24  2:44  Probe (Chrono Boost)  
  25  3:01  Probe (Chrono Boost)  
  25  3:02  Photon Cannon  
  26  3:11  Probe (Chrono Boost)  
  27  3:16  Probe (Chrono Boost)  
  27  3:19  Pylon  
  28  3:24  Stargate  
  28  3:28  Probe (Chrono Boost)  
  28  3:31  Probe (Chrono Boost)  
  30  3:39  Probe (Chrono Boost)  
  30  3:41  Probe (Chrono Boost)  
  32  3:42  Stalker  
  32  3:47  Probe x2 (Chrono Boost)  
  36  3:54  Probe x2  
  38  3:58  Assimilator  
  38  4:08  Void Ray, Probe (Chrono Boost)  
  43  4:13  Probe (Chrono Boost)  
  44  4:22  Assimilator  
  46  4:24  Probe x2 (Chrono Boost)  
  46  4:29  Probe (Chrono Boost)  
  46  4:31  Probe (Chrono Boost)  
  48  4:35  Pylon  
  48  4:42  Photon Cannon  
  48  4:43  Probe (Chrono Boost)  
  49  4:48  Probe (Chrono Boost)  
  50  4:55  Void Ray (Chrono Boost), Stargate  
  50  4:59  Stargate  
  54  5:02  Pylon  
  54  5:09  Probe  
  54  5:12  Probe  
  56  5:24  Probe  
  57  5:31  Void Ray (Chrono Boost)  
  61  5:41  Void Ray  
  65  5:44  Void Ray  
  69  5:53  Nexus  
  69  5:59  Pylon  
  69  6:05  Protoss Shields Level 1, Protoss Air Weapons Level 1  
  69  6:11  Pylon  
  69  6:14  Pylon  
  69  6:22  Photon Cannon  
  69  6:25  Photon Cannon  
  69  6:31  Pylon  
  69  6:35  Void Ray x2  
  77  6:43  Void Ray  
  81  6:47  Probe (Chrono Boost)  
  82  6:58  Probe x2 (Chrono Boost)  
  84  7:04  Photon Cannon  
  84  7:06  Probe x2 (Chrono Boost)  
  86  7:09  Photon Cannon  
  86  7:10  Probe (Chrono Boost)  
  87  7:20  Void Ray x2  
  95  7:25  Probe (Chrono Boost)  
  97  7:32  Probe (Chrono Boost)  
  97  7:36  Probe (Chrono Boost)  
  98  7:37  Void Ray  
  98  7:40  Probe (Chrono Boost)  
  103  7:44  Probe (Chrono Boost)  
  104  7:53  Assimilator  
  104  7:56  Probe, Assimilator  
  104  7:58  Pylon  
  105  8:06  Probe  
  105  8:08  Probe  
  107  8:18  Probe  
  104  8:20  Probe  
  97  8:29  Void Ray  
  97  8:30  Void Ray x2, Probe  
  109  8:50  Probe (Chrono Boost)  
  110  9:00  Probe (Chrono Boost)  
  111  9:02  Pylon  
  111  9:04  Probe (Chrono Boost)  
  112  9:11  Stargate  
  112  9:12  Void Ray x2  
  112  9:13  Pylon  
  112  9:14  Void Ray  
  124  9:25  Photon Cannon  
  124  9:27  Protoss Air Armor Level 1  
  124  9:28  Photon Cannon  
  124  9:38  Twilight Council  
  124  9:55  Void Ray x3  
  124  9:56  Void Ray  
  140  10:18  Photon Cannon  
  140  10:23  Protoss Shields Level 2 (Chrono Boost)  
  140  10:25  Photon Cannon  
  140  10:37  Pylon  
  140  10:40  Pylon  
  140  10:43  Pylon  
  140  10:47  Fleet Beacon  
  140  10:54  Cybernetics Core  
  140  10:55  Void Ray x2  
  148  10:57  Void Ray  
  148  10:58  Pylon  
  148  11:03  Void Ray  
  156  11:25  Protoss Air Weapons Level 2 (Chrono Boost)  
  156  11:26  Photon Cannon  
  156  11:31  Photon Cannon  
  156  11:34  Protoss Air Armor Level 2 (Chrono Boost)  
  156  11:38  Void Ray x2  
  164  11:40  Void Ray  
  168  11:49  Pylon  
  168  11:55  Pylon  
  168  12:04  Void Ray  
  172  12:12  Photon Cannon  
  172  12:21  Void Ray  
  176  12:23  Void Ray x2  
  184  12:36  Nexus  
  184  12:41  Pylon  
  184  12:44  Pylon  
  184  12:46  Protoss Shields Level 3  
  184  12:47  Void Ray  
  188  13:00  Assimilator  
  188  13:03  Void Ray  
  188  13:05  Photon Cannon  
  192  13:08  Photon Cannon  
  192  13:12  Photon Cannon  
  192  13:14  Void Ray x2  
  200  13:30  Photon Cannon  
  200  13:39  Protoss Air Weapons Level 3 (Chrono Boost)  
  200  13:43  Assimilator  
  200  14:12  Stargate  
  200  14:14  Stargate  
  200  14:17  Stargate  
  200  14:21  Stargate  
  156  15:14  Void Ray x2  
  156  15:15  Void Ray x6  
Show
View Real Time Build Order
Export as new Build Order

Juxtapose Protoss 

Build Orders:  

Get SALT Encoding   

  12  0:01  Probe  
  13  0:13  Probe  
  14  0:22  Pylon  
  14  0:25  Probe  
  15  0:40  Probe  
  16  0:43  Gateway  
  16  0:52  Probe, Assimilator  
  17  1:01  Pylon  
  17  1:04  Probe  
  18  1:16  Probe  
  19  1:28  Probe  
  19  1:31  Cybernetics Core  
  20  1:40  Probe  
  20  1:47  Assimilator  
  21  1:52  Probe  
  22  2:04  Probe  
  23  2:11  Warp Gate (Chrono Boost)  
  23  2:14  Nexus  
  23  2:17  Probe  
  25  2:30  Probe  
  25  2:32  Stalker (Chrono Boost)  
  27  2:45  Gateway  
  27  2:47  Shield Battery  
  27  3:00  Probe  
  28  3:06  Stalker (Chrono Boost)  
  28  3:12  Probe  
  31  3:24  Gateway  
  31  3:26  Probe  
  32  3:29  Pylon  
  32  3:33  Stalker  
  34  3:38  Probe  
  34  3:41  Probe  
  36  3:46  Pylon  
  36  3:50  Probe  
  36  3:51  Pylon  
  36  3:53  Probe  
  38  3:58  Stalker  
  38  4:02  Probe  
  41  4:07  Pylon  
  41  4:17  Probe x2  
  43  4:29  Pylon  
  43  4:33  Stalker  
  43  4:34  Stalker  
  43  4:37  Probe x2  
  49  4:39  Assimilator  
  49  4:45  Shield Battery  
  49  4:47  Pylon  
  49  4:49  Probe x2  
  49  4:50  Assimilator  
  51  4:56  Stalker  
  53  5:01  Probe x2  
  53  5:05  Forge  
  55  5:13  Probe x2  
  57  5:17  Stalker x2  
  61  5:23  Twilight Council  
  61  5:28  Stalker, Protoss Ground Weapons Level 1 (Chrono Boost)  
  63  5:35  Probe  
  64  5:47  Robotics Facility  
  64  5:48  Probe  
  65  5:56  Gateway  
  65  5:57  Stalker x3  
  65  5:58  Blink (Chrono Boost)  
  71  6:14  Photon Cannon  
  71  6:18  Photon Cannon  
  71  6:21  Stalker  
  71  6:25  Stalker  
  75  6:41  Stalker, Immortal (Chrono Boost)  
  81  7:02  Stalker  
  81  7:03  Stalker  
  81  7:05  Stalker  
  87  7:08  Protoss Ground Armor Level 1 (Chrono Boost)  
  87  7:13  Observer (Chrono Boost)  
  87  7:23  Probe  
  88  7:30  Immortal (Chrono Boost)  
  92  7:40  Nexus  
  92  7:41  Stalker  
  92  7:42  Pylon  
  94  7:45  Pylon  
  94  7:48  Pylon  
  62  8:32  Stalker x3  
  56  8:36  Immortal  
  60  8:44  Shield Battery  
  60  8:46  Shield Battery  
  56  9:04  Stalker  
  56  9:05  Stalker x2  
  56  9:06  Stalker  
  64  9:15  Immortal  
  68  9:23  Probe  
  69  9:27  Gateway  
  69  9:29  Gateway  
  69  9:35  Probe  
  70  9:39  Stargate  
  70  9:41  Stargate  
  70  9:42  Probe  
  70  9:43  Probe  
  72  9:47  Assimilator  
  72  9:51  Assimilator  
  72  9:55  Probe x2  
  72  9:59  Gateway  
  73  10:01  Stalker  
  73  10:02  Stalker x2, Gateway  
  73  10:03  Stalker  
  73  10:05  Protoss Ground Weapons Level 2 (Chrono Boost)  
  81  10:25  Phoenix x2  
  85  10:38  Probe  
  86  10:49  Stalker x3  
  92  10:50  Phoenix x2, Stalker x2, Probe  
  92  10:52  Stalker  
  92  10:53  Nexus  
  103  11:02  Pylon, Probe  
  104  11:06  Pylon  
  104  11:08  Protoss Air Weapons Level 1 (Chrono Boost)  
  104  11:09  Pylon  
  104  11:15  Phoenix x2 (Chrono Boost)  
  104  11:17  Fleet Beacon  
  108  11:28  Stalker  
  108  11:29  Stalker x3  
  108  11:30  Stalker x2  
  108  11:32  Stalker  
  122  11:33  Phoenix x2 (Chrono Boost)  
  126  11:55  Phoenix x2  
  126  11:56  Probe x3  
  126  11:59  Mothership  
  126  12:00  Anion Pulse-Crystals (Chrono Boost)  
  133  12:08  Probe x2  
  133  12:13  Stalker  
  133  12:14  Stalker  
  133  12:15  Stalker x2  
  151  12:18  Stalker  
  151  12:22  Probe x3  
  156  12:34  Probe  
  157  12:41  Photon Cannon  
  157  12:44  Probe x2  
  159  12:46  Probe  
  159  12:48  Phoenix x2  
  164  12:52  Stalker  
  164  12:53  Stalker  
  164  12:56  Stalker  
  170  12:58  Stalker  
  170  13:04  Pylon  
  172  13:07  Pylon  
  172  13:09  Protoss Ground Armor Level 2  
  172  13:19  Protoss Air Armor Level 1 (Chrono Boost)  
  172  13:22  Phoenix x2, Observer  
  177  13:40  Stalker  
  177  13:41  Stalker x3  
  181  13:42  Stalker  
  187  13:51  Assimilator  
  187  13:56  Assimilator  
  187  14:25  Nexus  
  187  14:28  Pylon  
  187  14:31  Pylon  
  187  14:35  Pylon  
  187  14:46  Phoenix x2  
  163  15:11  Phoenix x2  
  103  15:23  Stalker x2  
  103  15:24  Stalker x3  
  103  15:25  Stalker x3  
  89  15:47  Stalker x3  
  89  15:48  Stalker x3  
  89  15:49  Stalker x2  
Tags
 
League
Platinum
Matchup
PvP
Spawn Locations
Cross Positions
Add a new tag
Caveats
  • Supply blocks, unpowered buildings, or Contaminate may cause inaccurate times.
  • Supply counts are checked every 10 seconds.